 Dungeon Crawl Stone Soup version 0.27.1-34-g3ba077fa99 (webtiles) character file.

Game seed: 17576268521215840429

4410 Arum the Thaumaturge (level 10, -1/63 HPs)
             Began as a Formicid Earth Elementalist on Jan 15, 2022.
             Was a Follower of Vehumet.
             Slain by a wraith (8 damage)
             ... on level 8 of the Dungeon.
             The game lasted 00:18:29 (11646 turns).

Arum the Thaumaturge (Formicid Earth Elementalist) Turns: 11646, Time: 00:18:30

Health: -1/63      AC:  7    Str: 14    XL:     10   Next: 62%
Magic:  20/24      EV: 12    Int: 17    God:    Vehumet [*.....]
Gold:   110        SH:  5    Dex: 11    Spells: 16/29 levels left

rFire    . . .     SeeInvis +   n - +6 quarterstaff (freeze)
rCold    . . .     Faith    .   (no shield)
rNeg     . . .     Spirit   .   m - +0 steam dragon scales
rPois    +         Reflect  +   (helmet unavailable)
rElec    .         Harm     .   o - +1 cloak {rPois}
rCorr    .         Rampage  .   (no gloves)
Will     +....                  (no boots)
Stlth    ++........             k - amulet of reflection
HPRegen  0.20/turn              (no ring)
MPRegen  0.19/turn              (no ring)

@: no status effects
A: permanent stasis, dig shafts and tunnels, antennae 3, four strong arms
a: Dig, Shaft Self, Renounce Religion


You were on level 8 of the Dungeon.
You worshipped Vehumet.
Vehumet was aware of your devotion.
You visited 2 branches of the dungeon, and saw 9 of its levels.
You also visited: Sewer.

You collected 409 gold pieces.
You spent 299 gold pieces at shops.

Inventory:

Hand Weapons
 g - a +0 dagger
 n - a +6 quarterstaff of freezing (weapon)
Missiles
 c - 72 stones
 z - a throwing net
Armour
 b - a +2 robe of positive energy
 m - +0 steam dragon scales (worn)
 o - a +1 cloak of poison resistance (worn)
 r - a scarf of repulsion
Magical Staves
 y - a staff of death
Jewellery
 d - a ring of ice
 f - a ring of poison resistance
 k - an amulet of reflection (around neck)
 t - a ring of fire
Wands
 A - a wand of polymorph (7)
Scrolls
 e - 5 scrolls of amnesia
 p - 4 scrolls of fog
 s - a scroll of magic mapping
 u - a scroll of summoning
 v - a scroll of fear
Potions
 a - 3 potions of brilliance
 h - a potion of mutation {unknown}
 i - a potion of lignification
 j - 7 potions of curing
 l - 2 potions of heal wounds
 q - 5 potions of cancellation
 w - 2 potions of magic
 x - 2 potions of resistance
 B - a potion of invisibility {unknown}


   Skills:
 - Level 1.7 Dodging
 - Level 2.4 Stealth
 + Level 10.3 Spellcasting
 * Level 6.9 Conjurations
 - Level 1.1 Transmutations
 + Level 9.9 Earth Magic


You had 16 spell levels left.
You knew the following spells:

 Your Spells              Type           Power      Damage    Failure   Level
a - Sandblast             Erth           84%        2d18      1%          1
b - Stone Arrow           Conj/Erth      74%        3d11      1%          3
c - Lee's Rapid Deconstr  Erth           21%        3d13*     3%          5
d - Petrify               Tmut/Erth      27%        N/A       9%          4

Your spell library contained the following spells:

 Spells                   Type           Power      Damage    Failure   Level
 Magic Dart               Conj           100%       1d8       1%          1
 Passwall                 Tmut/Erth      22%        N/A       1%          2
 Wereblood                Tmut           12%        N/A       8%          2
 Animate Armour           Summ/Erth      50%        N/A       11%         4
 Leda's Liquefaction      Hex/Erth       12%        N/A       11%         4
 Sublimation of Blood     Necr           4%         N/A       13%         2
 Call Canine Familiar     Summ           8%         N/A       26%         3
 Ozocubu's Armour         Ice            8%         N/A       26%         3
 Portal Projectile        Hex/Tloc       16%        N/A       26%         3
 Ozocubu's Refrigeration  Ice            4%         4d5       100%        7
 Summon Hydra             Summ           4%         N/A       100%        7
 Lehudib's Crystal Spear  Conj/Erth      18%        10d6      100%        8


Dungeon Overview and Level Annotations

Branches:
Dungeon (8/15)             Temple (1/1) D:5           Sewer (visited)
   Lair: D:8-11

Altars:
Dithmenos
Elyvilon
Fedhas
Hepliaklqana
Kikubaaqudgha
Makhleb
Nemelex Xobeh
Qazlal
Ru
Sif Muna
Trog
Uskayaw
Vehumet
Wu Jian
Yredelemnul
Zin

Shops:
D:7 :(*(

Annotations:
D:3 2 transporters
D:8 3 runed translucent doors, diceflayer's ghost, novice MiFi


Innate Abilities, Weirdness & Mutations

You cannot be hasted, slowed, berserked, paralysed or teleported.
You can dig through walls and to a lower floor.
You have a pair of large antennae on your head. (SInv)
Your four strong arms can wield two-handed weapons with a shield.


Message History

The wraith misses you.
You hit the wraith but do no damage.
The wraith is heavily damaged.
You block the wraith's attack.
You hit the wraith.
The wraith is heavily damaged.
The wraith hits you. The wraith drains your vigour!
Your stasis prevents you from being slowed.
Casting: Sandblast (safe; 1% risk of failure)
Confirm with . or Enter, or press ? or * to list all spells.
Aiming: Sandblast (safe; 1% risk of failure)
Press: ? - help, Shift-Dir - straight line, f/p - wraith
Aim: a wraith (heavily damaged, 83% to hit)
The blast of sand hits the wraith!
The wraith is severely damaged.
c - 73 stones The wraith hits you!
* * * LOW HITPOINT WARNING * * *
The wraith drains your vigour!
Your stasis prevents you from being slowed.
You barely miss the wraith.
The wraith is severely damaged.
The wraith hits you!
* * * LOW HITPOINT WARNING * * *
The wraith drains your vigour!
Your stasis prevents you from being slowed.
Magic courses through your body. The wraith hits you.
* * * LOW HITPOINT WARNING * * *
The wraith drains your vigour!
Your stasis prevents you from being slowed.
Unknown command.
Casting: Sandblast (safe; 1% risk of failure)
Confirm with . or Enter, or press ? or * to list all spells.
Aiming: Sandblast (safe; 1% risk of failure)
Press: ? - help, Shift-Dir - straight line, f/p - wraith
Aim: a wraith (severely damaged, 83% to hit)
The blast of sand misses the wraith.
c - 72 stones The wraith hits you!
You die...

##########.#..# #.# #
#.#..# #.# # #.#..#
#.#### # #.#..# #....#
## #.#..# ####.# #.
#.#..#### #.# #.
#.......########.######.
#.............>.........
#.#####@########.#######
#.# #W# #.####### #.#
#.# #........ #.# #.#
######### #.# #.# #
########.# #.# #
#........# ##.# #
#.######## #..# # #.#
##.## #


You could see a wraith.

Vanquished Creatures
  Maggie (D:7)
  3 fire bats (D:8)
  4 steam dragons
  2 water moccasins
  Duvessa (D:7)
  An orc warrior (D:8)
  An ice beast (D:6)
  A necrophage (D:5)
  2 ogres
  2 black bears
  A centaur (D:6)
  Blork the orc (D:6)
  4 bullfrogs
  3 scorpions
  A wyvern skeleton (D:5)
  Dowan (D:7)
  4 killer bees (D:8)
  2 electric eels (D:7)
  2 centaur zombies
  A bullfrog zombie (D:6)
  3 hounds
  3 jellies
  6 orc priests
  Crazy Yiuf (D:2)
  2 centaur skeletons
  5 iguanas
  8 orc wizards
  8 gnolls
  18 adders
  6 river rats (Sewer)
  A shadow imp (D:8)
  An ufetubus (D:5)
  4 worms
  2 dart slugs
  18 orcs
  8 bats
  6 endoplasms
  A giant cockroach (D:2)
  A goblin (D:1)
  9 hobgoblins
  7 kobolds
  4 quokkas
  20 ball pythons
  4 frilled lizards
  31 rats
215 creatures vanquished.

Vanquished Creatures (others)
  A human (D:3)
  An endoplasm (D:1)
  12 plants
14 creatures vanquished.

Grand Total: 229 creatures vanquished

Notes
Turn   | Place    | Note
-------+----------+-------------------------------------------
     0 | D:1      | Arum the Formicid Earth Elementalist began the quest for
                  | the Orb.
     0 | D:1      | Reached XP level 1. HP: 13/13 MP: 3/3
    82 | D:1      | Reached XP level 2. HP: 15/19 MP: 0/5
   260 | D:1      | Reached skill level 3 in Spellcasting
   392 | D:1      | Reached XP level 3. HP: 20/24 MP: 5/7
   466 | D:1      | Found a faded altar of an unknown god.
   479 | D:1      | Learned a level 3 spell: Stone Arrow
  1803 | D:2      | Reached XP level 4. HP: 21/30 MP: 2/9
  2689 | D:2      | Reached skill level 4 in Spellcasting
  2931 | D:2      | Found a runed translucent door.
  2932 | D:2      | Noticed Crazy Yiuf
  2939 | D:2      | Killed Crazy Yiuf
  2940 | D:2      | Reached XP level 5. HP: 35/35 MP: 6/11
  3462 | D:3      | Found a transporter.
  3478 | D:3      | Reached skill level 5 in Earth Magic
  3563 | D:3      | Found an ancient bone altar of Kikubaaqudgha.
  3565 | D:3      | Noticed a human
  3566 | D:3      | Killed a human
  3766 | D:3      | Found a transporter.
  4039 | D:4      | Reached XP level 6. HP: 41/41 MP: 10/13
  4039 | D:4      | Noticed a black bear
  4043 | D:4      | Reached skill level 5 in Spellcasting
  4312 | D:4      | Killed a black bear
  4447 | D:4      | Noticed an ogre
  4452 | D:4      | Killed an ogre
  4453 | D:4      | Reached XP level 7. HP: 29/46 MP: 13/15
  4457 | D:4      | Reached skill level 6 in Spellcasting
  5347 | D:5      | Entered Level 5 of the Dungeon
  5552 | D:5      | Found a glowing drain.
  5559 | Sewer    | Entered a sewer
  5726 | Sewer    | Reached skill level 1 in Conjurations
  5728 | Sewer    | Reached XP level 8. HP: 45/52 MP: 16/18
  5807 | Sewer    | Reached skill level 7 in Spellcasting
  6943 | D:5      | Reached skill level 8 in Spellcasting
  7012 | D:5      | Reached XP level 9. HP: 57/57 MP: 11/21
  7221 | D:5      | Found a staircase to the Ecumenical Temple.
  7230 | Temple   | Entered the Ecumenical Temple
  7350 | Temple   | Became a worshipper of Vehumet
  8332 | D:6      | Reached skill level 9 in Spellcasting
  8557 | D:6      | Noticed Blork the orc
  8573 | D:6      | Killed Blork the orc
  9173 | D:7      | Noticed Maggie
  9190 | D:7      | Killed Maggie
  9451 | D:7      | Noticed Dowan
  9453 | D:7      | Noticed Duvessa
  9456 | D:7      | Killed Dowan
  9457 | D:7      | Reached skill level 5 in Conjurations
  9463 | D:7      | Killed Duvessa
  9464 | D:7      | Reached XP level 10. HP: 42/63 MP: 3/23
  9951 | D:7      | Found Zuegub's Weapon Shoppe.
  9952 | D:7      | Found Fequj's Weapon Shoppe.
  9953 | D:7      | Found Jigotue's General Store.
  9954 | D:7      | Found Loeqouk's Book Shoppe.
 10001 | D:7      | Bought a book of Geomancy for 286 gold pieces
 10008 | D:7      | Learned a level 5 spell: Lee's Rapid Deconstruction
 10013 | D:7      | Learned a level 4 spell: Petrify
 10017 | D:7      | Bought a potion of degeneration for 13 gold pieces
 10264 | D:7      | Reached skill level 10 in Spellcasting
 10672 | D:7      | Found a hazy altar of Hepliaklqana.
 10878 | D:8      | Noticed diceflayer's ghost (novice MiFi)
 10888 | D:8      | Found a runed translucent gate.
 10888 | D:8      | Found a runed translucent gate.
 10890 | D:8      | Found a runed translucent gate.
 11101 | D:8      | Reached * piety under Vehumet
 11101 | D:8      | Offered knowledge of Magic Dart by Vehumet.
 11646 | D:8      | Slain by a wraith

Illustrated notes

Levels and vault maps discovered:
D:1:      wheals_arrival_shading, layout_loops_ring,
          shapermc_ecumenical_altar_venn, lemuel_old_faithful
D:2:      layout_basic, kennysheep_nondescript, minmay_shallow_snake_nest,
          uniq_crazy_yiuf_cottage
D:3:      gammafunk_steamed_eel, layout_loops_ring, tgw_kikubaaqudgha
D:4:      layout_gridville, serial_glass, glass_columns_c, glass_columns_a,
          glass_columns_b, glass_columns_a, minmay_cut_off
D:5:      layout_loops_ring, minmay_temple_entry_statues_fountains,
          lightli_sewer_entry_pipes
D:6:      layout_cave_pools, uniq_blork_the_orc
D:7:      layout_loops_corners, mainiacjoe_overflow_alcove_4,
          minmay_shop_grid_forest, serial_bayou_lake_a, uniq_maggie,
          uniq_duvessa
D:8:      due_megacathedral, layout_loops_ring, gammafunk_ghost_split
Temple:   dpeg_five_rooms_temple

Skill      XL: |  1  2  3  4  5  6  7  8  9 10 |
---------------+-------------------------------+-----
Earth Magic    | 4 5 6 7 9 |  9.9
Spellcasting   | 3 4 5 6 8 9 10 | 10.3
Conjurations   | 1 2 5 6 |  6.9
Dodging        | |  1.7
Stealth        | |  2.4
Transmutations | |  1.1

Action                   |  1- 3 |  4- 6 |  7- 9 | 10-12 || total
-------------------------+-------+-------+-------+-------++-------
Melee: Unarmed           |    51 |       |       |       ||    51
       Dagger            |    30 |    38 |       |       ||    68
       Quarterstaff      |       |    43 |   135 |    16 ||   194
 Cast: Sandblast         |    31 |    32 |    72 |    19 ||   154
       Stone Arrow       |       |     2 |    65 |    22 ||    89
       Lee's Rapid Decon |       |       |       |    15 ||    15
       Petrify           |       |       |       |     5 ||     5
 Abil: Dig               |       |       |     3 |       ||     3
  Use: Scroll            |       |     7 |     7 |     9 ||    23
       Potion            |       |       |     1 |     1 ||     2
 Stab: Sleeping          |     4 |     4 |     1 |       ||     9
Armor: Robe              |     4 |    10 |    36 |       ||    50
       Steam dragon scal |       |       |       |     7 ||     7
Dodge: Dodged            |    60 |    45 |   148 |    13 ||   266
Block: Other             |       |    14 |    51 |     8 ||    73
